AoeStats
← Training program

Arena

507328726Analyzed
2v2 RM · 14d ago on Sep 17, 2026· 56m 6s· 4 players
Game mode
Random Map
Map size
Medium (4 player)
Population
200
Speed
Normal
Resources
Standard
Victory
Conquest
Starting age
Dark Age
Ending age
Imperial Age
RankedLock teamsTeams togetherTeam positionsShared explorationLock speedFull tech treeHidden civsTurbo modeCheats
Victory
Defeat
🇨🇿 Wei · Czechia
856
+15
🇨🇿 Japanese · Czechia
848
+41
🇦🇷 Bohemians · Argentina
839
-15
🇦🇷 Poles · Argentina
839
-15
yomatyas94
10:53 Feudal Age
12:43 Double-Bit Axe
15:25 Castle Age
17:50 Wheelbarrow
19:21 Chemistry
27:05 Horse Collar
29:46 Hand Cart
29:20 Town Watch
30:00 Ballistics
30:13 Scale Barding Armor
30:18 Forging
30:12 Scale Mail Armor
30:22 Forging
30:14 Padded Archer Armor
31:27 Bow Saw
31:06 Pikeman
31:46 Squires
34:32 Imperial Age
34:25 Treadmill Crane
40:13 Halberdier
47:36 Two-Man Saw
47:36 Murder Holes
47:51 Masonry
54:38 Chain Mail Armor
54:34 Forging
54:42 Chain Mail Armor
Pipeiro
9:14 Feudal Age
9:41 Double-Bit Axe
11:25 Loom
13:13 Horse Collar
20:50 Castle Age
19:39 Bloodlines
19:37 Stone Mining
24:26 Forging
29:49 Scale Mail Armor
33:39 Iron Casting
37:32 Imperial Age
36:36 Szlachta Privileges
39:13 Conscription
38:21 Elite Obuch
40:47 Cavalier
42:41 Ballistics
43:25 Blast Furnace
47:05 Chain Mail Armor
50:27 Lechitic Legacy
49:32 Light Cavalry
51:09 Winged Hussar
54:34 Scale Barding Armor
Spaja
8:07 Loom
10:39 Feudal Age
17:12 Castle Age
16:01 Fletching
17:05 Double-Bit Axe
17:35 Horse Collar
17:27 Crossbowman
18:26 Pikeman
19:11 Padded Archer Armor
22:36 Bow Saw
25:58 Gold Mining
26:01 Stone Mining
27:15 Scale Mail Armor
28:42 Ballistics
29:34 Squires
30:29 Wheelbarrow
33:42 Imperial Age
31:52 Forging
34:36 Iron Casting
34:17 Chain Mail Armor
34:48 Hand Cart
35:19 Fortified Wall
35:16 Halberdier
37:58 Two-Man Saw
37:03 Arson
39:01 Blast Furnace
38:31 Plate Mail Armor
39:11 Bodkin Arrow
39:35 Leather Archer Armor
44:12 Bracer
46:21 Ring Archer Armor
51:08 Arbalester
51:54 Thumb Ring
53:22 Chemistry
Training program
11:56 Feudal Age
13:33 Double-Bit Axe
16:17 Castle Age
14:03 Horse Collar
16:10 Loom
16:41 Town Watch
19:48 Fervor
26:30 Wheelbarrow
28:26 Wheelbarrow
30:51 Imperial Age
28:40 Heavy Plow
29:02 Fletching
29:13 Padded Archer Armor
29:31 Bow Saw
30:36 Hand Cart
29:48 Elite Skirmisher
31:15 Thumb Ring
31:20 Tuntian
32:55 Conscription
32:39 Bodkin Arrow
33:00 Leather Archer Armor
33:25 Elite Tiger Cavalry
35:20 Ballistics
36:01 Chemistry
37:46 Forging
37:41 Scale Barding Armor
39:20 Bracer
41:26 Bloodlines
41:16 Husbandry
41:57 Gold Mining
43:00 Ring Archer Armor
41:53 Light Cavalry
44:18 Chain Barding Armor
44:33 Iron Casting
46:23 Treadmill Crane
46:39 Heavy Hei Guang Cavalry
Connection lost

Rejoining the realm…

Still unreachable

The connection could not be restored.

Session expired

The server has moved on; the page needs a fresh start.